 Dungeon Crawl Stone Soup version 0.31-a0-7-g51783674b7 (webtiles) character file.

Game seed: 17013732895550075138

23 avis the Sneak (level 2, 0/15 HPs)
             Began as a Vine Stalker Brigand on May 6, 2023.
             Slain by a gnoll
             ... wielding a +0 flail
              (4 damage)
             ... on level 2 of the Dungeon.
             The game lasted 00:03:39 (594 turns).

avis the Sneak (Vine Stalker Brigand)                Turns: 594, Time: 00:03:40

Health: 0/15       AC:  3    Str: 13    XL:     2   Next: 95%
Magic:  0/4        EV: 12    Int: 11    God:
Gold:   55         SH:  0    Dex: 15    Spells: 2/2 levels left

rFire   . . .        a - +2 dagger
rCold   . . .        (no shield)
rNeg    . . .        b - +0 robe
rPois   .            (no helmet)
rElec   .            c - +0 cloak
rCorr   .            (no gloves)
SInv    .            (no boots)
Will    .....        (no amulet)
Stlth   +++          (no ring)
HPRegen 0.22/turn    (no ring)
MPRegen 0.09/turn

%: guardian spirit
@: no status effects
A: fangs 2, magic shield, antimagic bite, no potion heal 2
a: no special abilities


You were on level 2 of the Dungeon.
You visited 1 branch of the dungeon, and saw 2 of its levels.

You collected 55 gold pieces.

Inventory:

Hand Weapons
 a - a +2 dagger (weapon)
Missiles
 d - 9 poisoned darts (quivered)
 e - 3 curare-tipped darts
 g - 4 silver javelins
Armour
 b - a +0 robe (worn)
 c - a +0 cloak (worn)
Scrolls
 i - a scroll of fear {unknown}
 j - a scroll of enchant weapon {unknown}
 k - a scroll of identify {unknown}
Potions
 f - a potion of flight {unknown}
 h - 2 potions of curing {unknown}


   Skills:
 - Level 2.0 Fighting
 + Level 2.1 Short Blades
 + Level 2.0 Throwing
 + Level 1.1 Dodging
 + Level 5.0 Stealth
 * Level 0.7 Spellcasting


You had 2 spell levels left.
You didn't know any spells.
Your spell library was empty.

Dungeon Overview and Level Annotations

Branches:
Dungeon (2/15)

Altars:


Innate Abilities, Weirdness & Mutations

You have extremely sharp teeth.
When hurt, damage is shared between your health and your magic reserves.
Your bite disrupts and absorbs the magic of your enemies.
Potions cannot restore your health.


Message History

You now have 53 gold pieces (gained 3).
You see here a +0 leather armour.
You now have 55 gold pieces (gained 2).
Done exploring.
Done exploring.
Done exploring.
Search for what [? for help]? .
You see here a +0 dagger.
There is a stone staircase leading down here.
You climb downwards.
Found 4 stones.
Found an escape hatch in the floor.
There is a stone staircase leading up here.
You climb upwards.
There is a stone staircase leading down here.
You see here a +0 dagger.
You see here a +0 robe.
There is a stone staircase leading down here.
You climb downwards.
There is a stone staircase leading up here. 2 gnolls come into view.
The helpless bat fails to defend itself.
You impale the bat!!
You kill the bat!
The gnoll shouts!
You hit the gnoll. Your bite misses the gnoll.
The gnoll is moderately wounded.
The gnoll misses you.
You barely miss the gnoll. You bite the gnoll. You drain its power.
The gnoll is heavily wounded.
The gnoll closely misses you. x2
You closely miss the gnoll. You bite the gnoll. You drain its power.
The gnoll is almost dead.
The gnoll hits you from afar with a +0 spear.
The gnoll hits you with a +0 spear!
You barely miss the gnoll.
The gnoll is almost dead.
The gnoll hits you with a +0 spear.
* * * LOW HITPOINT WARNING * * *
The gnoll hits you but does no damage. The gnoll hits you with a +0 flail.
You die...

#########
#<......#
#....##..
#....#
#@g..#
#g...#
###########
#g...#
#..........
#....#
#..........
#....#
#..........
#....#
#..........
#....#
#.....<.>..
######
#..........
#........(.


You could see 3 gnolls.

Vanquished Creatures
  A dart slug (D:1)
  2 bats
  3 endoplasms (D:1)
  2 goblins (D:1)
  A hobgoblin (D:1)
  3 quokkas (D:1)
  A ball python (D:1)
  2 frilled lizards (D:1)
  2 kobolds (D:1)
  2 rats (D:1)
19 creatures vanquished.

Notes
Turn   | Place    | Note
-------+----------+-------------------------------------------
     0 | D:1      | avis the Vine Stalker Brigand began the quest for the Orb.
     0 | D:1      | Reached XP level 1. HP: 11/11 MP: 2/2
    54 | D:1      | Reached XP level 2. HP: 15/15 MP: 3/3
    72 | D:1      | Reached skill level 1 in Dodging
    80 | D:1      | Reached skill level 5 in Stealth
   594 | D:2      | Slain by a gnoll

Illustrated notes

Levels and vault maps discovered:
D:1:      lightli_arrival_lavapool, layout_basic, chequers_serial_rivers_room_a
D:2:      minmay_chambers_of_twos, layout_basic, basic_altar,
          chequers_hall_statues_wall_a

Skill      XL: |  1  2 |
---------------+-------+-----
Fighting       | 2 |  2.0
Dodging        | 1 |  1.1
Stealth        | 5 |  5.0
Short Blades   | 2 |  2.1
Throwing       | 2 |  2.0
Spellcasting   | |  0.7

Action                     || total
---------------------------++-------
  Melee: Dagger            ||    55
         Bite              ||    15
         Punch             ||     1
   Stab: Sleeping          ||     4
 Armour: Robe              ||     9
  Dodge: Dodged            ||    30

Table legend: (Time is in decaauts)
 A = Elapsed time spent in this place.
 B = Non-inter-level travel time spent in this place.
 C = Inter-level travel time spent in this place.
 D = Time resting spent in this place.
 E = Time spent auto-exploring this place.
 F = Levels seen in this place.
 G = Mean time per level.
                   A        B        C        D        E       F      G
               +--------+--------+--------+--------+--------+-----+--------+
         Total |    588 |    474 |    114 |      5 |    277 |   2 |  294.0 |
       Dungeon |    588 |    474 |    114 |      5 |    277 |   2 |  294.0 |
               +--------+--------+--------+--------+--------+-----+--------+

Top non-repeatable levels by time:
     D:1: 579 daAuts
     D:2: 9 daAuts
